AoeStats
← Kaiser Ze

Arabia

509823497Analyzed
1v1 RM · 4d ago on Sep 28, 2026· 17m 43s· 2 players
Game mode
Random Map
Map size
Tiny (2 player)
Population
200
Speed
Normal
Resources
Standard
Victory
Conquest
Starting age
Dark Age
Ending age
Imperial Age
RankedLock teamsTeams togetherTeam positionsShared explorationLock speedFull tech treeHidden civsTurbo modeCheats
Victory
Defeat
🇫🇮 Japanese · Finland
1223
+43
🇨🇳 Mongols · China
1250
-17
Kingzito
6:50 Loom
9:16 Feudal Age
9:21 Man-at-Arms
10:05 Double-Bit Axe
15:00 Fletching
Kaiser Ze
6:09 Loom
8:55 Feudal Age
13:15 Fletching
17:38 Padded Archer Armor
Connection lost

Rejoining the realm…

Still unreachable

The connection could not be restored.

Session expired

The server has moved on; the page needs a fresh start.